 Dungeon Crawl Stone Soup version 0.29.1-2-gbd0b4ee654 (webtiles) character file.

Game seed: 6750653836929531271

78 tevo3000 the Scratcher (level 4, -7/21 HPs)
             Began as a Felid Chaos Knight on Nov 26, 2022.
             Was a Plaything of Xom.
             Mangled by Crazy Yiuf
             ... wielding a +2 quarterstaff of chaos
              (10 damage)
             ... on level 3 of the Dungeon.
             The game lasted 00:12:37 (2703 turns).

tevo3000 the Scratcher (Felid Chaos Knight)         Turns: 2703, Time: 00:12:38

Health: -7/21      AC:  1    Str:  8    XL:     4   Next: 15%
Magic:  5/5        EV: 18    Int: 13    God:    Xom [..*...]
Gold:   161        SH:  0    Dex: 17    Spells: 1/3 levels left
                                        Lives:  0   Deaths: 1

rFire   . . .      SeeInvis +     - Unarmed
rCold   . . .      Faith    .   (shield unavailable)
rNeg    . . .      Spirit   .   (body armour unavailable)
rPois   .          Reflect  .   (helmet unavailable)
rElec   .          Harm     .   (cloak unavailable)
rCorr   .          Rampage  .   (gloves unavailable)
Will    .....                   (boots unavailable)
Stlth   +++.......              (no amulet)
HPRegen 0.07/turn               (no ring)
MPRegen 0.09/turn               (no ring)

@: hasted, very quick
A: very small, claws 1, fangs 3, see invisible, speed 1, shaggy fur 1, stealthy
paws, no weapons or thrown items, no armour, multi-lived
a: Renounce Religion


You were on level 3 of the Dungeon.
You worshipped Xom.
You were a toy of Xom.
You visited 1 branch of the dungeon, and saw 3 of its levels.

You collected 161 gold pieces.

Inventory:

Wands
 i - a wand of mindburst (8)
Scrolls
 c - a scroll of poison {unknown}
 e - 2 scrolls of identify {unknown}
 j - a scroll of summoning {unknown}
 l - a scroll of teleportation {unknown}
Miscellaneous
 a - a piece from Xom's chessboard (14/15) (quivered)


   Skills:
 - Level 3.2 Fighting
 + Level 3.6 Dodging
 * Level 3.3 Stealth
 * Level 4.8 Unarmed Combat


You had one spell level left.
You knew the following spells:

 Your Spells              Type           Power      Damage    Failure   Level
a - Blink                 Tloc           0%         N/A       43%         2

Your spell library contained the following spells:

 Spells                   Type           Power      Damage    Failure   Level
 Lesser Beckoning         Tloc           0%         N/A       67%         3
 Ozocubu's Armour         Ice            0%         N/A       67%         3
 Manifold Assault         Tloc           0%         N/A       100%        5
 Ozocubu's Refrigeration  Ice            0%         4d7       100%        7


Dungeon Overview and Level Annotations

Branches:
Dungeon (3/15)

Altars:
Hepliaklqana
Xom

Shops:
D:2 *

Annotations:
D:3 Crazy Yiuf


Innate Abilities, Weirdness & Mutations

You have sharp claws.
You have razor-sharp teeth.
You have supernaturally acute eyesight. (SInv)
You cover ground quickly. (Speed+)
You are covered in fur. (AC +1)
Your paws help you pounce on unaware monsters.
You are incapable of wielding weapons or throwing items.
You cannot wear armour.
You gain extra lives every three experience levels.


Message History

Crazy Yiuf misses you.
You closely miss Crazy Yiuf. Crazy Yiuf completely misses you.
You closely miss Crazy Yiuf. Your claw misses Crazy Yiuf.
Crazy Yiuf misses you.
You claw Crazy Yiuf!
Crazy Yiuf is moderately wounded.
Crazy Yiuf cries, "Citrus water canine!"
Crazy Yiuf closely misses you.
You closely miss Crazy Yiuf. You claw Crazy Yiuf, but do no damage.
Crazy Yiuf is moderately wounded.
You scratch Crazy Yiuf.
Crazy Yiuf is severely wounded.
Crazy Yiuf hits you with a +2 quarterstaff of chaos!
Ouch! That really hurt!
Crazy Yiuf freezes you.
* * * LOW HITPOINT WARNING * * *
You feel better.
Crazy Yiuf hits you with a +2 quarterstaff of chaos!
Ouch! That really hurt!
* * * LOW HITPOINT WARNING * * *
A shower of butterflies erupts from you!
You barely miss Crazy Yiuf.
Crazy Yiuf is severely wounded.
Crazy Yiuf barely misses you.
You swap places.
Crazy Yiuf barely misses your butterfly.
You swap places.
Crazy Yiuf misses your butterfly.
It was a potion of haste.
You feel yourself speed up. "Serve the toy, my child!"
You are now a toy of Xom.
Crazy Yiuf barely misses your butterfly.
You swap places.
You swap places.
Crazy Yiuf barely misses you.
You closely miss Crazy Yiuf.
Crazy Yiuf is severely wounded.
You scratch Crazy Yiuf but do no damage.
Your bite misses Crazy Yiuf.
Crazy Yiuf is severely wounded.
Crazy Yiuf hits you with a +2 quarterstaff of chaos!
You die...

#.# #.### ####...#
#....#.# ####...#
####..### ###
♣♣##..)..... #)..#♣♣
♣♣P....#..#..
#...g@♣♣♣♣P.....#^....
#...#♣bb♣......##.##..
### ♣♣♣5♣....###.##..
#### ♣♣♣♣♣### #..# #
..# ##.# #)# #######.#
#.# #.......# #.#
#..####### #.#
#.........


You could see Crazy Yiuf (ally target) and a friendly ufetubus (summoned).

Vanquished Creatures
  3 adders
  4 gnolls
  4 worms (D:2)
  A dart slug (D:1)
  6 endoplasms
  A giant cockroach (D:2)
  12 goblins
  6 hobgoblins
  4 jackals (D:2)
  5 kobolds
  2 quokkas (D:1)
  2 ball pythons (D:1)
  6 bats
  4 frilled lizards
  5 rats
65 creatures vanquished.

Notes
Turn   | Place    | Note
-------+----------+-------------------------------------------
     0 | D:1      | tevo3000 the Felid Chaos Knight began the quest for the
                  | Orb.
     0 | D:1      | Reached XP level 1. HP: 10/10 MP: 2/2
    31 | D:1      | XOM: silly message
   254 | D:1      | Reached XP level 2. HP: 13/14 MP: 3/3
   695 | D:1      | Reached skill level 1 in Stealth
   836 | D:1      | Reached XP level 3. HP: 15/17 MP: 4/4
  1522 | D:2      | XOM: scenery: create altars
  1603 | D:2      | Reached skill level 4 in Unarmed Combat
  1851 | D:2      | Reached XP level 4. HP: 21/21 MP: 5/5
  1856 | D:2      | Found Quotsu's General Store.
  1975 | D:2      | Found a hazy altar of Hepliaklqana.
  2072 | D:2      | XOM is BORED!
  2212 | D:2      | XOM: fog
  2601 | D:3      | XOM: butterfly on damage
  2618 | D:3      | Slain by a gnoll
  2619 | D:3      | Reached XP level 3. HP: 0/17 MP: 4/4
  2631 | D:3      | Reached XP level 4. HP: 21/21 MP: 5/5
  2670 | D:3      | Learned a level 2 spell: Blink
  2684 | D:3      | Found a runed translucent door.
  2685 | D:3      | Noticed Crazy Yiuf
  2695 | D:3      | XOM: butterfly on damage
  2699 | D:3      | XOM: summons friendly ufetubus
  2703 | D:3      | Mangled by Crazy Yiuf

Illustrated notes

Levels and vault maps discovered:
D:1:      dpeg_arrival_refuge, layout_basic
D:2:      cheibrodos_greedy_goblins, layout_basic, serial_shops, shop,
          basic_altar, minmay_misc_feat_more_columns, corexii_corridor_pit
D:3:      layout_loops_ring, uniq_crazy_yiuf_cottage, uniq_robin

Skill      XL: |  1  2  3  4 |
---------------+-------------+-----
Stealth        | 1 2 3 |  3.3
Unarmed Combat | 4 |  4.8
Fighting       | |  3.2
Dodging        | |  3.6

Action                   |  1- 3 |  4- 6 || total
-------------------------+-------+-------++-------
Melee: Unarmed           |   102 |    72 ||   174
       Bite              |     7 |     8 ||    15
       Punch             |     3 |     3 ||     6
Evoke: Piece from Xom's  |     1 |     1 ||     2
  Use: Potion            |     2 |     9 ||    11
 Stab: Sleeping          |    12 |       ||    12
       Distracted        |     1 |     1 ||     2
Armor: Skin              |     6 |       ||     6
Dodge: Dodged            |    67 |    45 ||   112
